 Dungeon Crawl Stone Soup version 0.32-a0-616-g9348d4545b (webtiles) character file.

Game seed: 3799895004230800329

13482 jasper the Mimic (level 11, -12/87 HPs)
             Began as a Demonspawn Shapeshifter on Mar 5, 2024.
             Was an Elder of Wu Jian.
             Mangled by an orc knight
             ... wielding a +0 great mace
              (22 damage)
             ... on level 11 of the Dungeon.
             The game lasted 00:20:49 (11185 turns).

jasper the Mimic (Demonspawn Shapeshifter)         Turns: 11185, Time: 00:20:49

Health: -12/87     AC: 10    Str: 18    XL:     11   Next: 76%
Magic:  20/20      EV: 15    Int: 12    God:    Wu Jian [****..]
Gold:   645        SH:  9    Dex: 12    Spells: 10/10 levels left

rFire   . .          .
                       - Unarmed
rCold   . . .        O - +0 buckler
rNeg    . . .        E - +5 steam dragon scales
rPois   .            (helmet currently unavailable)
rElec   .            (cloak currently unavailable)
rCorr   .            (gloves currently unavailable)
SInv    .            (boots unavailable)
Will    .....        D - amulet of reflection
Stlth   +            s - ring of magical power
HPRegen 0.34/turn    (no ring)
MPRegen 0.17/turn

%: reflection
@: beast-form
A: beast (slay +4), antennae 1, hooves 3, foul stench 1, demonic magic 1,
demonic touch 1
a: Begin Untransformation, Renounce Religion, Wall Jump, Serpent's Lash


You were on level 11 of the Dungeon.
You worshipped Wu Jian.
Wu Jian was greatly pleased with you.
You were a hulking beast.
You visited 2 branches of the dungeon, and saw 12 of its levels.
You also visited: Bailey.

You collected 645 gold pieces.

Inventory:

Hand Weapons
 e - a +4 dagger of draining
Missiles
 m - 109 stones
 r - 24 boomerangs (quivered)
 t - 7 poisoned darts
 G - a curare-tipped dart
 L - 4 throwing nets
Armour
 a - a +0 animal skin
 b - a scarf of repulsion
 f - a +0 leather armour
 h - a +0 scale mail
 i - the +0 scale mail "Koakah" {rPois rN++ Str+3}
   (You found it on level 5 of the Dungeon)

   Str+3:     It affects your strength (+3).
   rPois:     It protects you from poison.
   rN++:      It greatly protects you from negative energy.
 k - a +0 pair of gloves
 p - a +0 scale mail of fire resistance
 q - a +1 ring mail
 x - a +2 helmet of see invisible
 E - +5 steam dragon scales (worn)
 O - a +0 buckler (worn)
Jewellery
 o - a ring of ice
 s - a ring of magical power (left hand)
 D - an amulet of reflection (around neck)
Talismans
 c - a beast talisman (active)
 d - a flux talisman
Wands
 z - a wand of polymorph (7)
 A - a wand of flame (33)
 N - a wand of roots (6)
Scrolls
 g - 2 scrolls of teleportation
 j - 7 scrolls of enchant weapon
 n - a scroll of revelation
 w - 4 scrolls of immolation
 y - 2 scrolls of fog
 F - a scroll of amnesia
Potions
 l - 3 potions of degeneration
 u - a potion of haste
 v - 4 potions of cancellation
 B - a potion of attraction
 C - 3 potions of mutation {unknown}
 H - a potion of magic {unknown}
 I - 2 potions of brilliance {unknown}
 J - 2 potions of might {unknown}
 K - a potion of resistance {unknown}
 M - a potion of lignification
 P - a potion of curing
 Q - a potion of enlightenment {unknown}


   Skills:
 + Level 8.9 Fighting
 + Level 9.6 Dodging
 + Level 0.3 Shields
 * Level 9.0 Unarmed Combat
 - Level 9.8 Shapeshifting


You had 10 spell levels left.
You didn't know any spells.
Your spell library contained the following spells:

 Spells                   Type           Power      Damage    Failure   Level
 Apportation              Tloc           0%         N/A       38%         1
 Blink                    Tloc           0%         N/A       54%         2
 Call Imp                 Summ           0%         N/A       54%         2
 Jinxbite                 Hex            0%         N/A       54%         2
 Lesser Beckoning         Tloc           0%         N/A       54%         2
 Momentum Strike          Conj/Tloc      0%         3d8       54%         2
 Sublimation of Blood     Necr           0%         N/A       54%         2
 Fugue of the Fallen      Necr           0%         N/A       77%         3
 Ozocubu's Armour         Ice            0%         N/A       77%         3
 Manifold Assault         Tloc           0%         N/A       99%         4
 Alistair's Intoxication  Alch           0%         N/A       100%        5
 Summon Hydra             Summ           0%         N/A       100%        7


Dungeon Overview and Level Annotations

Branches:
Dungeon (11/15)            Temple (1/1) D:4            Lair (0/5) D:9
    Orc (0/2) D:9          Bailey (visited)

Altars:
Ashenzari
Cheibriados
Dithmenos
Fedhas
Gozag
Hepliaklqana
Kikubaaqudgha
Makhleb
Nemelex Xobeh
Okawaru
Qazlal
Ru
Sif Muna
Trog
Uskayaw
Vehumet
Wu Jian
Xom
Yredelemnul

Annotations:
D:6 Jeremiah


Innate Abilities, Weirdness & Mutations

You are a hulking beast.
Your limbs bulge with bestial killing power. (Slay +4)
You have a pair of small antennae on your head.
You have hooves in place of feet.
You may rarely emit foul miasma when damaged in melee.
Spells you cast may paralyse adjacent enemies.
Your touch may inflict minor irresistible damage on your foes.


Message History

The orc knight hits you with a +0 great mace!
You take 16 damage, and have 63/87 hp.
You punch the orc knight! Your kick misses the orc knight.
The orc knight is moderately wounded.
You block the orc knight's attack.
You closely miss the orc knight. You kick the orc knight.
The orc knight is moderately wounded.
The orc knight hits you with a +0 great mace.
You take 2 damage, and have 61/87 hp.
You hit the orc knight. You kick the orc knight.
The orc knight is heavily wounded.
The orc knight hits you with a +0 great mace!!
You emit a cloud of foul miasma!
You take 29 damage, and have 32/87 hp.
MASSIVE DAMAGE!!
You closely miss the orc knight.
The orc knight is heavily wounded.
The orc knight is engulfed in dark miasma.
The orc knight is poisoned.
The orc knight hits you with a +0 great mace!
* * * LOW HITPOINT WARNING * * *
You take 10 damage, and have 22/87 hp.
You hit the orc knight. Your kick misses the orc knight.
The orc knight is severely wounded.
The orc knight is engulfed in dark miasma.
The orc knight looks even sicker.
The orc knight closely misses you.
The orc knight is engulfed in dark miasma.
The orc knight looks even sicker.
The orc knight seems to slow down.
You hit the orc knight.
The orc knight is almost dead.
The orc knight is no longer moving slowly.
The orc knight hits you with a +0 great mace!
* * * LOW HITPOINT WARNING * * *
You take 14 damage, and have 9/87 hp.
You closely miss the orc knight.
The orc knight is almost dead.
You hit the orc knight but do no damage.
Your kick misses the orc knight.
The orc knight is almost dead.
The orc knight hits you with a +0 great mace!!
You die...

#+ ### #.###.#
.# ... #.# # .^
#.#####.# # ..
#. #.#.....# #.
#.#..#.#.#####
.. #....#.#.#
##+#. , #...#.#
#.....######...#
#.....°oh..#.###
#.....####...#
###.. ##### #. #


You could see an orc knight (very poisoned).

Vanquished Creatures
  Nergalle (D:10)
  A lindwurm (Bailey)
  Joseph (D:9)
  A komodo dragon (D:9)
  6 trolls
  A hornet (D:8)
  A shadow (D:10)
  A wraith (D:8)
  19 yaks
  2 wyverns
  A warg (D:11)
  2 steam dragons (D:8)
  3 water moccasins (D:9)
  10 orc warriors
  4 black bears
  3 centaurs
  A phantom (D:4)
  A kobold brigand (D:9)
  5 bullfrogs
  2 gnoll sergeants
  3 scorpions
  8 wights
  7 howler monkeys
  3 bombardier beetles
  3 hounds
  A jelly (D:8)
  3 gnoll boudas
  11 orc priests
  4 iguanas
  A sleepcap (D:7)
  10 orc wizards
  Robin (D:2)
  9 adders
  29 gnolls
  2 shadow imps
  2 dart slugs
  5 ribbon worms
  59 orcs
  4 bats (D:1)
  6 endoplasms
  3 giant cockroaches
  21 goblins
  11 hobgoblins
  11 jackals
  20 kobolds
  A quokka (D:3)
  7 ball pythons
  5 frilled lizards
  5 rats
321 creatures vanquished.

Notes
Turn   | Place    | Note
-------+----------+-------------------------------------------
     0 | D:1      | jasper the Demonspawn Shapeshifter began the quest for the
                  | Orb.
     0 | D:1      | Reached XP level 1. HP: 15/15 MP: 1/1
    92 | D:1      | Discovered your monstrous ancestry.
    92 | D:1      | Gained mutation: You have large cloven feet. [demonic
                  | ancestry]
    92 | D:1      | Reached XP level 2. HP: 22/22 MP: 2/2
   445 | D:1      | Gained mutation: You may rarely emit foul miasma when
                  | damaged in melee. [demonic ancestry]
   445 | D:1      | Reached XP level 3. HP: 29/29 MP: 3/3
   996 | D:2      | Gained mutation: Spells you cast may paralyse adjacent
                  | enemies. [demonic ancestry]
   996 | D:2      | Reached XP level 4. HP: 36/37 MP: 4/4
  1566 | D:2      | Noticed Robin
  1572 | D:2      | Killed Robin
  1735 | D:3      | Reached XP level 5. HP: 36/43 MP: 5/5
  1793 | D:3      | Reached skill level 5 in Fighting
  1799 | D:3      | HP: 1/66 [orc priest/divine providence (7)]
  1999 | D:3      | Gained mutation: You have hoof-like feet. [demonic
                  | ancestry]
  1999 | D:3      | Reached XP level 6. HP: 36/52 MP: 6/6
  2212 | D:3      | Found a faded altar of an unknown god.
  2333 | D:3      | Found a shadowy altar of Dithmenos.
  2546 | D:3      | Found an iron altar of Okawaru.
  2912 | D:4      | Found a staircase to the Ecumenical Temple.
  2939 | Temple   | Entered the Ecumenical Temple
  2952 | Temple   | Became a worshipper of the Wu Jian Council
  3458 | D:4      | Found a stormy altar of Qazlal.
  3493 | D:4      | Gained mutation: You have a pair of small antennae on your
                  | head. [demonic ancestry]
  3493 | D:4      | Reached XP level 7. HP: 42/61 MP: 7/7
  3921 | D:5      | Entered Level 5 of the Dungeon
  4281 | D:5      | Identified the +0 scale mail "Koakah" {rPois rN++ Str+3}
  4406 | D:5      | Reached * piety under Wu Jian
  4407 | D:5      | Reached XP level 8. HP: 60/68 MP: 8/8
  4580 | D:5      | Reached skill level 5 in Dodging
  4890 | D:6      | Noticed Jeremiah
  5230 | D:7      | You fall into a shaft and drop 3 floors!
  5230 | D:10     | Entered Level 10 of the Dungeon
  5287 | D:8      | Noticed Maggie
  5294 | D:8      | Maggie changed into Maggie the adder
  5294 | D:8      | Noticed Maggie
  5300 | D:8      | Killed Maggie the adder
  5349 | D:8      | Found a flagged portal.
  5351 | D:8      | Noticed a hornet
  5370 | D:8      | Killed a hornet
  5534 | Bailey   | Entered a bailey
  5551 | Bailey   | Reached ** piety under Wu Jian
  5967 | Bailey   | Gained mutation: Your touch may inflict minor irresistible
                  | damage on your foes. [demonic ancestry]
  5967 | Bailey   | Reached XP level 9. HP: 74/74 MP: 9/9
  6089 | Bailey   | Gained mutation: You have hooves in place of feet. [demonic
                  | ancestry]
  6089 | Bailey   | Reached XP level 10. HP: 58/80 MP: 10/10
  6181 | Bailey   | Noticed an orc knight
  6365 | Bailey   | Noticed an orc knight
  6367 | Bailey   | an orc knight changed into a lindwurm
  6367 | Bailey   | Noticed a lindwurm
  6376 | Bailey   | Killed a lindwurm
  6517 | Bailey   | an orc knight changed into a yak
  7491 | D:8      | Reached skill level 5 in Unarmed Combat
  7495 | D:8      | HP: 1/76 [orc priest/divine providence (12)]
  7964 | D:8      | Reached *** piety under Wu Jian
  8686 | D:9      | Found a staircase to the Lair.
  8705 | D:9      | Reached XP level 11. HP: 30/86 MP: 11/11
  8968 | D:9      | Noticed Joseph
  8981 | D:9      | Killed Joseph
  9007 | D:9      | Found a staircase to the Orcish Mines.
  9013 | D:9      | Reached **** piety under Wu Jian
 10310 | D:10     | Found a blossoming altar of Fedhas.
 10503 | D:10     | Noticed Nergalle
 10512 | D:10     | Killed Nergalle
 11162 | D:11     | Noticed an orc knight
 11185 | D:11     | Mangled by an orc knight

Illustrated notes

Levels and vault maps discovered:
D:1:      minmay_arrival_stone_box, layout_loops_ring
D:2:      layout_basic, guppyfry_early_orc_mine, uniq_robin
D:3:      layout_loops_ring, grunt_dithmenos_smoke_and_mirrors,
          okawaru_altar_gauntlet_db, chequers_ecumenical_altar_simple_redux,
          minmay_misc_feat_tower
D:4:      layout_loops_corners, grunt_qazlal_clouds, temple_fountains
D:5:      layout_rooms
D:6:      layout_cave_pools, serial_shops, nicolae_shop_just_a_little_nook,
          nicolae_shop_i_like_small_books_too, minmay_fractal_squares_5,
          uniq_pikel, uniq_jeremiah
D:7:      layout_cave_pools
D:8:      layout_basic, enter_bailey_6, minmay_fractal_squares_diagonal_5,
          uniq_maggie
D:9:      layout_roguey, due_lair_maze_entry_diamond, david_orc_3, uniq_joseph
D:10:     layout_long_grid, fedhas_altar_2, st_stairs_11, uniq_nergalle
D:11:     layout_basic, nicolae_shop_clearance, uniq_sonja
Temple:   mainiacjoe_temple_coin_purse

Skill      XL: |  1  2  3  4  5  6  7  8  9 10 11 |
---------------+----------------------------------+-----
Fighting       | 2 3 4 6 7 8 |  8.9
Dodging        | 4 7 8 9 |  9.6
Shapeshifting  | 9 |  9.8
Unarmed Combat | 3 6 9 |  9.0
Shields        | |  0.3

Action                     |  1- 3 |  4- 6 |  7- 9 | 10-12 || total
---------------------------+-------+-------+-------+-------++-------
  Melee: Dagger            |    84 |   166 |   207 |       ||   457
         Kick              |    11 |    38 |    59 |   151 ||   259
         Unarmed           |     1 |     7 |       |   479 ||   487
         Touch             |       |       |     3 |    83 ||    86
         Punch             |       |       |       |    11 ||    11
  Throw: Boomerang         |    14 |    24 |     9 |    15 ||    62
         Dart              |       |     2 |     5 |     1 ||     8
Ability: Lunge             |       |     6 |    30 |    49 ||    85
         Whirlwind         |       |       |    41 |   171 ||   212
  Evoke: Wand              |       |       |     2 |     3 ||     5
    Use: Potion            |     1 |     4 |     2 |     6 ||    13
         Scroll            |       |    10 |     8 |     9 ||    27
   Stab: Distracted        |       |       |       |     1 ||     1
 Armour: Animal skin       |     1 |       |       |       ||     1
         Leather armour    |    12 |       |       |       ||    12
         Ring mail         |    15 |    99 |   103 |    74 ||   291
         Skin              |     1 |     6 |       |       ||     7
         Steam dragon scal |       |       |       |   167 ||   167
  Dodge: Dodged            |    41 |    62 |   108 |   231 ||   442
  Block: Other             |       |       |    21 |    73 ||    94
         Reflection        |       |       |       |     3 ||     3
         Buckler           |       |       |       |     3 ||     3

Table legend: (Time is in decaauts)
 A = Elapsed time spent in this place.
 B = Non-inter-level travel time spent in this place.
 C = Inter-level travel time spent in this place.
 D = Time resting spent in this place.
 E = Time spent auto-exploring this place.
 F = Levels seen in this place.
 G = Mean time per level.
                   A        B        C        D        E       F      G
               +--------+--------+--------+--------+--------+-----+--------+
         Total |  11228 |  10805 |    423 |   1645 |   6759 |  13 |  863.7 |
       Dungeon |  10167 |   9768 |    399 |    996 |   6599 |  11 |  924.3 |
        Temple |     29 |      5 |     24 |      0 |      0 |   1 |   29.0 |
        Bailey |   1031 |   1031 |      0 |    649 |    160 |   1 | 1031.0 |
               +--------+--------+--------+--------+--------+-----+--------+

Top non-repeatable levels by time:
     D:9: 1588 daAuts
     D:8: 1553 daAuts
     D:4: 1278 daAuts
    D:10: 1216 daAuts
     D:2: 1114 daAuts
  Bailey: 1031 daAuts
     D:5: 890 daAuts
     D:3: 883 daAuts
     D:7: 840 daAuts
     D:1: 673 daAuts
     D:6: 83 daAuts
    D:11: 45 daAuts
  Temple: 29 daAuts
